 Dungeon Crawl Stone Soup version 0.29.1-2-gbd0b4ee654 (webtiles) character file.

Game seed: 9624381543116177126

112 sanboga the Gusty (level 4, -3/24 HPs)
             Began as a Tengu Air Elementalist on Nov 24, 2022.
             Killed from afar by Crazy Yiuf (12 damage)
             ... with a puff of flame
             ... on level 3 of the Dungeon.
             The game lasted 00:05:12 (3060 turns).

sanboga the Gusty (Tengu Air Elementalist)          Turns: 3060, Time: 00:05:12

Health: -3/24      AC:  3    Str:  8    XL:     4   Next: 95%
Magic:  3/9        EV: 13    Int: 18    God:
Gold:   90         SH:  0    Dex: 14    Spells: 5/8 levels left

rFire   . . .      SeeInvis .   j - +1 dagger (venom)
rCold   . . .      Faith    .   (no shield)
rNeg    . . .      Spirit   .   a - +0 robe
rPois   .          Reflect  .   (helmet restricted)
rElec   .          Harm     .   k - +0 cloak
rCorr   .          Rampage  .   (no gloves)
Will    .....                   (boots unavailable)
Stlth   ++........              (no amulet)
HPRegen 0.08/turn               (no ring)
MPRegen 0.11/turn               (no ring)

@: no status effects
A: beak, talons 3
a: no special abilities


You were on level 3 of the Dungeon.
You visited 1 branch of the dungeon, and saw 3 of its levels.

You collected 90 gold pieces.

Inventory:

Hand Weapons
 j - a +1 dagger of venom (weapon)
Armour
 a - a +0 robe (worn)
 k - a +0 cloak (worn)
Scrolls
 b - 2 scrolls of blinking {unknown}
 d - a scroll of amnesia
 e - a scroll of magic mapping {unknown}
 g - 2 scrolls of enchant weapon {unknown}
 h - a scroll of summoning {unknown}
 i - 3 scrolls of identify {unknown}
Potions
 c - a potion of attraction {unknown}
 f - 2 potions of curing
 l - a potion of lignification {unknown}


   Skills:
 + Level 3.1 Dodging
 - Level 2.0 Stealth
 + Level 2.6 Spellcasting
 * Level 3.8 Conjurations
 + Level 4.8 Air Magic


You had 5 spell levels left.
You knew the following spells:

 Your Spells              Type           Power      Damage    Failure   Level
a - Shock                 Conj/Air       72%        1d7       2%          1
b - Static Discharge      Conj/Air       18%        3-6/arc   4%          2

Your spell library contained the following spells:

 Spells                   Type           Power      Damage    Failure   Level
 Swiftness                Air            19%        N/A       7%          3
 Dazzling Flash           Conj/Hex       18%        N/A       22%         3
 Airstrike                Air            9%         2d(2-18)  24%         4
 Ensorcelled Hibernation  Hex/Ice        4%         N/A       26%         2
 Passwall                 Tmut/Erth      1%         N/A       26%         2
 Silence                  Hex/Air        5%         N/A       87%         5
 Agony                    Necr           2%         N/A       99%         5


Dungeon Overview and Level Annotations

Branches:
Dungeon (3/15)

Altars:

Annotations:
D:3 Crazy Yiuf


Innate Abilities, Weirdness & Mutations

You have a beak for a mouth.
You have claws for feet.


Message History

Crazy Yiuf barely misses you.
Casting: Shock (safe; 2% risk of failure)
Confirm with . or Enter, or press ? or * to list all spells.
Aiming: Shock (safe; 2% risk of failure)
Press: ? - help, Shift-Dir - straight line The zap hits Crazy Yiuf.
Crazy Yiuf is moderately wounded.
Crazy Yiuf barely misses you.
Casting: Shock (safe; 2% risk of failure)
Confirm with . or Enter, or press ? or * to list all spells.
Aiming: Shock (safe; 2% risk of failure)
Press: ? - help, Shift-Dir - straight line The zap hits Crazy Yiuf.
Crazy Yiuf is moderately wounded.
Crazy Yiuf hits you with a +3 quarterstaff of chaos!
Ouch! That really hurt!
Crazy Yiuf draws strength from your wounds!
Casting: Shock (safe; 2% risk of failure)
Confirm with . or Enter, or press ? or * to list all spells.
Aiming: Shock (safe; 2% risk of failure)
Press: ? - help, Shift-Dir - straight line The zap hits Crazy Yiuf but does no damage.
Crazy Yiuf is lightly wounded.
Crazy Yiuf hits you with a +3 quarterstaff of chaos.
Casting: Shock (safe; 2% risk of failure)
Confirm with . or Enter, or press ? or * to list all spells.
Aiming: Shock (safe; 2% risk of failure)
Press: ? - help, Shift-Dir - straight line The zap hits Crazy Yiuf.
Crazy Yiuf is heavily wounded.
Crazy Yiuf closely misses you.
Casting: Shock (safe; 2% risk of failure)
Confirm with . or Enter, or press ? or * to list all spells.
Aiming: Shock (safe; 2% risk of failure)
Press: ? - help, Shift-Dir - straight line The zap hits Crazy Yiuf.
Crazy Yiuf is heavily wounded.
Crazy Yiuf zaps a wand.
The puff of flame hits you!
Ouch! That really hurt!
You die...

##### ## #..)# ####
.## #...# #... ..##
... ######... ...#
##### #'#
##........ .>.#
#...# ♣♣.♣
##..####... ...#
##..# ♣g♣♣ #...#
###. ...# #..# ♣♣@♣
#<..# ##. ...# #..#
♣.♣♣ #...#####..
..## #..# ♣♣.♣♣
#.......... ..##
#..## ♣...♣♣
#........## ..[#
##..## ♣....♣
##.##..### ...##
#...# ##..##
#......# ....#
##.###
#....####..##÷##
....####...#
#..........##..##
......##...#
#.......##..##..###


You could see Crazy Yiuf.

Vanquished Creatures
  Robin (D:2)
  3 adders (D:3)
  2 worms
  2 dart slugs
  4 endoplasms
  3 giant cockroaches (D:1)
  11 goblins (D:2)
  8 hobgoblins
  7 jackals
  2 kobolds
  A quokka (D:2)
  5 ball pythons
  2 bats
  2 frilled lizards (D:3)
  8 rats
61 creatures vanquished.

Notes
Turn   | Place    | Note
-------+----------+-------------------------------------------
     0 | D:1      | sanboga the Tengu Air Elementalist began the quest for the
                  | Orb.
     0 | D:1      | Reached XP level 1. HP: 10/10 MP: 4/4
   194 | D:1      | Reached XP level 2. HP: 10/15 MP: 0/6
   579 | D:1      | Found a faded altar of an unknown god.
   730 | D:1      | Learned a level 2 spell: Static Discharge
   824 | D:2      | Reached XP level 3. HP: 19/19 MP: 1/7
  1722 | D:2      | Identified the +6 war axe of Midsummer {freeze, rC++ MP+9
                  | Int-2 Stlth+}
  2160 | D:2      | Reached XP level 4. HP: 12/24 MP: 6/8
  2160 | D:2      | Noticed Robin
  2169 | D:2      | Killed Robin
  2679 | D:3      | Found a runed translucent door.
  2680 | D:3      | Noticed Crazy Yiuf
  3060 | D:3      | Killed from afar by Crazy Yiuf

Illustrated notes

Levels and vault maps discovered:
D:1:      amcnicky_arrival_feature_with_door, layout_rooms,
          chequers_ecumenical_altar_twisty
D:2:      layout_basic, kennysheep_generic_room_8, uniq_robin
D:3:      layout_rooms, uniq_crazy_yiuf_cottage

Skill      XL: |  1  2  3  4 |
---------------+-------------+-----
Conjurations   | 2 3 |  3.8
Dodging        | 3 |  3.1
Stealth        | |  2.0
Spellcasting   | |  2.6
Air Magic      | |  4.8

Action                   |  1- 3 |  4- 6 || total
-------------------------+-------+-------++-------
Melee: Unarmed           |     8 |       ||     8
       Kick              |     9 |     4 ||    13
       Dagger            |    26 |    14 ||    40
       Peck              |     6 |     1 ||     7
 Cast: Shock             |    61 |    30 ||    91
  Use: Potion            |     2 |       ||     2
       Scroll            |     1 |       ||     1
 Stab: Sleeping          |       |     2 ||     2
Armor: Robe              |    13 |     1 ||    14
Dodge: Dodged            |    34 |    11 ||    45
